AoeStats
← MCWest

Arena

509261199Analyzed
2v2 RM · 7d ago on Sep 26, 2026· 46m 5s· 4 players
Game mode
Random Map
Map size
Medium (4 player)
Population
200
Speed
Normal
Resources
Standard
Victory
Conquest
Starting age
Dark Age
Ending age
Imperial Age
RankedLock teamsTeams togetherTeam positionsShared explorationLock speedFull tech treeHidden civsTurbo modeCheats
Victory
Defeat
🇪🇸 Cumans · Spain
1300
+16
🇺🇸 Armenians · United States
1236
+18
🇦🇺 Spanish · Australia
1434
-23
🇺🇸 Lithuanians · United States
1138
-11
Bertu
2:34 Loom
9:55 Feudal Age
10:23 Man-at-Arms
13:29 Long Swordsman
18:49 Double-Bit Axe
24:42 Castle Age
23:01 Fletching
23:12 Padded Archer Armor
23:11 Gold Mining
24:13 Horse Collar
24:52 Scale Mail Armor
26:08 Elite Skirmisher
28:20 Bodkin Arrow
30:53 Wheelbarrow
31:28 Bow Saw
35:06 Stone Mining
35:51 Gold Shaft Mining
40:33 Imperial Age
38:52 Hand Cart
41:18 Fortified Wall
41:28 Ballistics
41:27 Two-Handed Swordsman
41:54 Gambesons
42:09 Squires
42:48 Fervor
42:51 Champion
43:58 Conscription
45:02 Heavy Plow
Aresda
6:46 Loom
9:17 Feudal Age
10:00 Double-Bit Axe
17:40 Horse Collar
20:37 Wheelbarrow
24:08 Castle Age
23:07 Scale Barding Armor
22:58 Fletching
24:06 Bloodlines
25:24 Chain Barding Armor
27:05 Forging
27:24 Heavy Plow
27:37 Bow Saw
29:06 Iron Casting
35:50 Imperial Age
34:40 Ballistics
34:49 Gold Mining
34:53 Stone Mining
35:09 Bodkin Arrow
35:58 Cavalier
37:15 Plate Barding Armor
37:41 Blast Furnace
37:33 Crop Rotation
37:33 Conscription
39:37 Paladin
41:56 Padded Archer Armor
47:15 Chemistry
46:26 Masonry
46:35 Hand Cart
46:07 Town Watch
46:42 Leather Archer Armor
46:32 Cuman Mercenaries
Gopherman77
10:34 Feudal Age
11:51 Loom
13:59 Double-Bit Axe
23:18 Castle Age
23:14 Wheelbarrow
29:18 Horse Collar
33:05 Castle Age
34:57 Bow Saw
37:17 Wheelbarrow
36:40 Gold Mining
39:45 Bloodlines
40:54 Stone Mining
41:11 Heavy Plow
41:16 Husbandry
44:06 Scale Barding Armor
44:11 Forging
44:41 Forging
MCWest
7:36 Loom
10:22 Feudal Age
13:58 Castle Age
13:38 Double-Bit Axe
24:09 Horse Collar
24:16 Loom
26:23 Wheelbarrow
26:47 Padded Archer Armor
26:44 Fletching
32:02 Imperial Age
32:18 Leather Archer Armor
33:32 Bloodlines
33:23 Husbandry
34:01 Ring Archer Armor
37:17 Elite Conquistador
43:13 Fletching
43:54 Supremacy
43:18 Sappers
44:38 Bodkin Arrow
Connection lost

Rejoining the realm…

Still unreachable

The connection could not be restored.

Session expired

The server has moved on; the page needs a fresh start.